 Dungeon Crawl Stone Soup version 0.31-a0-221-gbddc013574 (webtiles) character file.

Game seed: 3991606813354849738

86 HoaS the Shooter (level 4, -2/36 HPs)
             Began as a Demigod Hunter on July 4, 2023.
             Slain by Robin
             ... wielding a +0 trident
              (5 damage)
             ... on level 2 of the Dungeon.
             The game lasted 00:06:19 (1033 turns).

HoaS the Shooter (Demigod Hunter)                   Turns: 1033, Time: 00:06:19

Health: -2/36      AC:  4    Str: 12    XL:     4   Next: 6%
Magic:  6/6        EV: 12    Int: 11    God:
Gold:   109        SH:  0    Dex: 21    Spells: 3/3 levels left

rFire   . . .        a - +0 shortbow
rCold   . . .        (shield currently unavailable)
rNeg    . . .        c - +1 leather armour
rPois   .            (no helmet)
rElec   .            (no cloak)
rCorr   .            (no gloves)
SInv    .            (no boots)
Will    .....        (no amulet)
Stlth   ++           (no ring)
HPRegen 0.26/turn    (no ring)
MPRegen 0.10/turn

%: no passive effects
@: no status effects
A: high MP 1, forlorn, divine attributes
a: no special abilities


You were on level 2 of the Dungeon.
You visited 1 branch of the dungeon, and saw 2 of its levels.

You collected 109 gold pieces.

Inventory:

Hand Weapons
 a - a +0 shortbow (weapon)
Armour
 c - a +1 leather armour (worn)
Scrolls
 e - 2 scrolls of enchant armour
Potions
 g - a potion of resistance
 h - a potion of berserk rage {unknown}
 i - a potion of enlightenment {unknown}


   Skills:
 - Level 1.7 Fighting
 + Level 5.3 Ranged Weapons
 - Level 1.7 Dodging
 - Level 0.8 Stealth


You had 3 spell levels left.
You didn't know any spells.
Your spell library was empty.

Dungeon Overview and Level Annotations

Branches:
Dungeon (2/15)

Shops:
D:2 *

Annotations:
D:2 Robin


Innate Abilities, Weirdness & Mutations

You have an increased reservoir of magic. (+10% MP)
You shall have no god before yourself.
Your divine heritage dramatically boosts your attributes as you level up.


Message History

Things that are here:
a +0 club; a +0 club; a goblin corpse Robin roars a battlecry!
The hobgoblin goes into a battle-frenzy!
You see here a +0 dagger.
Robin says, "My army is invincible!"
Robin throws the goblin at you!
* * * LOW HITPOINT WARNING * * *
The goblin hits you with a +0 club.
* * * LOW HITPOINT WARNING * * *
You shoot an arrow. The arrow hits the goblin.
You kill the goblin!
Robin throws the goblin at you! The goblin barely misses you.
You shoot an arrow. The arrow hits the goblin.
You kill the goblin!
The hobgoblin hits you but does no damage.
The hobgoblin attacks as you move away! The hobgoblin barely misses you.
Items here: )) [ ††.
The hobgoblin attacks as you move away! The hobgoblin hits you.
* * * LOW HITPOINT WARNING * * *
The hobgoblin attacks as you move away! The hobgoblin barely misses you.
The hobgoblin attacks as you move away! The hobgoblin closely misses you.
The hobgoblin no longer looks unusually strong.
There is an open door here.
Robin roars a battlecry!
The hobgoblin goes into a battle-frenzy!
You hear a shout!
Robin points. "Kill!"
The hobgoblin attacks as you move away!
The hobgoblin hits you but does no damage.
You shoot an arrow. The arrow hits the hobgoblin.
You kill the hobgoblin!
Robin hits you with a +0 trident.
* * * LOW HITPOINT WARNING * * *
You shoot an arrow. The arrow hits Robin.
Robin is lightly wounded.
Robin hits you with a +0 trident.
* * * LOW HITPOINT WARNING * * *
Robin hits you with a +0 trident.
You die...

########### #.........#
#########.#######.#
..............###.######
.#######.†###..........#
##...######.#####.#
#.....# #.# #.#
##...######.# #.#
##....g@...# #.# ###
#.#######.#####.# ..#
#.# #....(..# # #.#
##'## #.#.##### .##.#
##...## ###.#.# ..#.#
##.g...# #...#.# ..#.#
##....###########
..).###.....# #.P..
..)...'.....# P....


You could see Robin.

Vanquished Creatures
  2 adders (D:2)
  4 dart slugs
  4 endoplasms
  A giant cockroach (D:2)
  15 goblins
  4 hobgoblins
  2 jackals (D:1)
  3 kobolds
  A quokka (D:2)
  5 ball pythons
  6 bats
  3 frilled lizards
  4 rats
54 creatures vanquished.

Notes
Turn   | Place    | Note
-------+----------+-------------------------------------------
     0 | D:1      | HoaS the Demigod Hunter began the quest for the Orb.
     0 | D:1      | Reached XP level 1. HP: 17/17 MP: 3/3
     0 | D:1      | Noticed a tentacled monstrosity
     4 | D:1      | Noticed a tentacled monstrosity
     8 | D:1      | Noticed a tentacled monstrosity
     9 | D:1      | Noticed a large abomination
    11 | D:1      | Noticed a shadow dragon
    11 | D:1      | Noticed an ice dragon
    13 | D:1      | Noticed an ice dragon
    13 | D:1      | Noticed an orb of fire
    15 | D:1      | Noticed a large abomination
    15 | D:1      | Noticed a golden dragon
    17 | D:1      | Noticed a tentacled monstrosity
    19 | D:1      | Noticed a shadow dragon
    70 | D:1      | Reached skill level 4 in Ranged Weapons
   129 | D:1      | Reached XP level 2. HP: 23/24 MP: 4/4
   288 | D:1      | You fall into a shaft and drop 1 floor!
   504 | D:1      | Reached XP level 3. HP: 29/29 MP: 5/5
   644 | D:2      | Found Joochuha's General Store.
   706 | D:2      | Reached skill level 5 in Ranged Weapons
   960 | D:2      | Noticed Robin
   995 | D:2      | Reached XP level 4. HP: 3/36 MP: 6/6
  1033 | D:2      | Slain by Robin

Illustrated notes

Levels and vault maps discovered:
D:1:      shiori_arrival_whats_in_store_for_you, layout_rooms
D:2:      layout_loops_corners, serial_aquarium, aquarium_bridge_straight
          [aquarium_subvault_bridge, aquarium_subvault_window,
          aquarium_subvault_bridge, aquarium_subvault_wall], aquarium_window_1,
          aquarium_window_2, aquarium_window_2, aquarium_window_1,
          aquarium_view_2c, aquarium_view_4, serial_shops, shop,
          kennysheep_cross_bottleneck, uniq_sigmund, uniq_robin

Skill      XL: |  1  2  3 |
---------------+----------+-----
Ranged Weapons | 4 5 |  5.3
Fighting       | |  1.7
Dodging        | |  1.7
Stealth        | |  0.8

Action                     |  1- 3 |  4- 6 || total
---------------------------+-------+-------++-------
   Fire: Shortbow          |   131 |     5 ||   136
    Use: Scroll            |    10 |       ||    10
 Armour: Leather armour    |    30 |     3 ||    33
  Dodge: Dodged            |    39 |     4 ||    43

Table legend: (Time is in decaauts)
 A = Elapsed time spent in this place.
 B = Non-inter-level travel time spent in this place.
 C = Inter-level travel time spent in this place.
 D = Time resting spent in this place.
 E = Time spent auto-exploring this place.
 F = Levels seen in this place.
 G = Mean time per level.
                   A        B        C        D        E       F      G
               +--------+--------+--------+--------+--------+-----+--------+
         Total |   1062 |   1049 |     13 |     85 |    649 |   2 |  531.0 |
       Dungeon |   1062 |   1049 |     13 |     85 |    649 |   2 |  531.0 |
               +--------+--------+--------+--------+--------+-----+--------+

Top non-repeatable levels by time:
     D:1: 560 daAuts
     D:2: 501 daAuts
